 Dungeon Crawl Stone Soup version 0.29.1-2-gbd0b4ee654 (webtiles) character file.

Game seed: 15409236030878228254

121 GorkyZ the Trooper (level 4, -5/35 (37) HPs)
             Began as a Demonspawn Monk on Nov 20, 2022.
             Slain by Crazy Yiuf
             ... wielding a +3 quarterstaff of chaos
              (16 damage)
             ... on level 2 of the Dungeon.
             The game lasted 00:05:10 (2114 turns).

GorkyZ the Trooper (Demonspawn Monk)                Turns: 2114, Time: 00:05:11

HP:   -5/35 (37)    AC:  8    Str: 13    XL:     4   Next: 76%
MP:   4/4           EV: 10    Int: 12    God:
Gold: 167           SH:  5    Dex: 15    Spells: 3/3 levels left

rFire   . . .      SeeInvis .   a - +0 hand axe
rCold   + . .      Faith    .   (no shield)
rNeg    . . .      Spirit   .   o - +2 scale mail {rC+}
rPois   .          Reflect  +   (no helmet)
rElec   .          Harm     .   (no cloak)
rCorr   .          Rampage  .   (no gloves)
Will    .....                   (no boots)
Stlth   +.........              m - amulet of reflection
HPRegen 0.11/turn               (no ring)
MPRegen 0.09/turn               (no ring)

@: drained
A: hooves 1, demonic touch 1
a: no special abilities


You were on level 2 of the Dungeon.
You visited 1 branch of the dungeon, and saw 2 of its levels.

You collected 167 gold pieces.

Inventory:

Hand Weapons
 a - a +0 hand axe (weapon)
Armour
 b - a +0 robe
 e - a +0 ring mail
 o - a +2 scale mail of cold resistance (worn)
Jewellery
 m - an amulet of reflection (around neck)
 q - a ring of protection from fire
Scrolls
 f - 2 scrolls of torment {unknown}
 g - a scroll of teleportation {unknown}
 h - a scroll of silence {unknown}
 i - a scroll of magic mapping {unknown}
 j - 3 scrolls of identify {unknown}
 s - a scroll of fog {unknown}
Potions
 c - 2 potions of ambrosia
 d - a potion of mutation {unknown}
 k - a potion of degeneration {unknown}
 l - a potion of berserk rage {unknown}
 n - a potion of brilliance {unknown}
 p - 2 potions of lignification {unknown}
 r - a potion of curing {unknown}


   Skills:
 + Level 3.6 Fighting
 + Level 3.2 Axes
 + Level 1.4 Throwing
 + Level 1.5 Armour
 + Level 3.3 Dodging
 - Level 1.7 Stealth


You had 3 spell levels left.
You didn't know any spells.
Your spell library contained the following spells:

 Spells                   Type           Power      Damage    Failure   Level
 Poisonous Vapours        Pois/Air       0%         N/A       93%         2
 Silence                  Hex/Air        0%         N/A       100%        5
 Summon Mana Viper        Hex/Summ       0%         N/A       100%        5
 Maxwell's Capacitive Co  Air            0%         ∞         100%        8


Dungeon Overview and Level Annotations

Branches:
Dungeon (2/15)

Altars:

Annotations:
D:2 Crazy Yiuf


Innate Abilities, Weirdness & Mutations

You have large cloven feet.
Your touch may inflict minor irresistible damage on your foes.


Message History

The fungus is lightly damaged.
A nearby fungus withers and dies.
Found a glowing hammer.
Found a runed translucent door.
Crazy Yiuf shouts!
You open the door. You hit Crazy Yiuf. You kick Crazy Yiuf, but do no damage.
You touch Crazy Yiuf!
Crazy Yiuf is heavily wounded.
Crazy Yiuf zaps a wand.
The puff of flame hits you!
You hit Crazy Yiuf.
Crazy Yiuf is severely wounded.
Crazy Yiuf says, "Crazy?
Crazy!?
PORCUPINE!"
Crazy Yiuf hits you with a +3 quarterstaff of chaos!
Crazy Yiuf drinks a potion.
Crazy Yiuf seems to grow stronger.
You barely miss Crazy Yiuf.
Crazy Yiuf is severely wounded.
Crazy Yiuf screams, "Aardvark action spinner!"
Crazy Yiuf hits you with a +3 quarterstaff of chaos.
You feel drained.
You hit Crazy Yiuf. You kick Crazy Yiuf, but do no damage.
Your touch misses Crazy Yiuf.
Crazy Yiuf is almost dead.
Crazy Yiuf barely misses you.
You hit Crazy Yiuf but do no damage. Your touch misses Crazy Yiuf.
Crazy Yiuf is almost dead.
Crazy Yiuf misses you.
You hit Crazy Yiuf but do no damage. Your kick misses Crazy Yiuf.
Crazy Yiuf is almost dead.
Crazy Yiuf hits you with a +3 quarterstaff of chaos.
You feel drained.
You hit Crazy Yiuf but do no damage.
Crazy Yiuf is almost dead.
Crazy Yiuf zaps a wand.
The puff of flame hits you.
* * * LOW HITPOINT WARNING * * *
Crazy Yiuf says, "Nubble!"
Crazy Yiuf closely misses you.
You hit Crazy Yiuf.
Crazy Yiuf is almost dead.
Crazy Yiuf hits you with a +3 quarterstaff of chaos!
You die...

##.#.###########.##
##.###.............##############
#.## ##.#########................
.## ##.# ################# #.##
##.## ##.###.## ##.#..# ###
♣♣#### ##.#.# #)..#♣♣ ♣♣.#..##
#### #.#.# #...g@♣♣♣♣......# #...
#.#.# #...#♣..♣.♣.....# #.##
#.#.# ### ♣♣♣.♣.P#...###[# #.#.#
♣♣♣♣♣##.(.)..# #.#.# #########
#...# ####........ ##.##
####.##...##### #.# ###
#.........#### #.#
##.###............#


You could see Crazy Yiuf (strong).

Vanquished Creatures
  Terence (D:2)
  A gnoll (D:1)
  2 adders (D:2)
  2 worms (D:2)
  A dart slug (D:1)
  5 ball pythons (D:2)
  4 endoplasms
  4 giant cockroaches
  8 goblins
  5 hobgoblins
  4 jackals (D:2)
  2 quokkas (D:1)
  6 bats
  A frilled lizard (D:1)
  7 kobolds
  3 rats
56 creatures vanquished.

Vanquished Creatures (others)
  4 fungi (D:2)
4 creatures vanquished.

Grand Total: 60 creatures vanquished

Notes
Turn   | Place    | Note
-------+----------+-------------------------------------------
     0 | D:1      | GorkyZ the Demonspawn Monk began the quest for the Orb.
     0 | D:1      | Reached XP level 1. HP: 18/18 MP: 1/1
   178 | D:1      | Discovered your monstrous ancestry.
   178 | D:1      | Gained mutation: You have large cloven feet. [demonic
                  | ancestry]
   178 | D:1      | Reached XP level 2. HP: 23/24 MP: 2/2
   519 | D:1      | Reached XP level 3. HP: 29/29 MP: 3/3
   870 | D:1      | Reached skill level 1 in Throwing
   870 | D:1      | Reached skill level 1 in Armour
  1250 | D:2      | Got Sif Muna's Vademecum on the Friendly Brume
  1307 | D:2      | Noticed Terence
  1323 | D:2      | Killed Terence
  1324 | D:2      | Gained mutation: Your touch may inflict minor irresistible
                  | damage on your foes. [demonic ancestry]
  1324 | D:2      | Reached XP level 4. HP: 10/35 MP: 4/4
  2102 | D:2      | Found a runed translucent door.
  2103 | D:2      | Noticed Crazy Yiuf
  2114 | D:2      | Slain by Crazy Yiuf

Illustrated notes

Levels and vault maps discovered:
D:1:      dpeg_arrival_erosion, layout_loops_ring
D:2:      layout_loops_ring, uniq_terence, uniq_crazy_yiuf_cottage

Skill      XL: |  1  2  3 |
---------------+----------+-----
Dodging        | 3 |  3.3
Axes           | 3 |  3.2
Throwing       | 1 |  1.4
Armour         | 1 |  1.5
Fighting       | |  3.6
Stealth        | |  1.7

Action                   |  1- 3 |  4- 6 || total
-------------------------+-------+-------++-------
Melee: Hand axe          |   120 |    58 ||   178
       Kick              |    28 |    15 ||    43
       Punch             |     1 |       ||     1
       Touch             |       |     9 ||     9
 Stab: Sleeping          |     2 |       ||     2
Armor: Ring mail         |    45 |       ||    45
       Robe              |     7 |       ||     7
       Scale mail        |       |    13 ||    13
Dodge: Dodged            |    61 |    20 ||    81
Block: Other             |     6 |     7 ||    13
